XFBL
ST. LOUIS CARDINALS @ CHICAGO CUBS
06/25/1982
 
TOP OF THE 1ST
St. Louis Cardinals batting - Pitching for Chicago Cubs : RHP Ray Burris
Pitching: RHP Ray Burris
Batting: SHB Otis Nixon 0-0: Swinging Strike
0-1: Foul Ball, location: 2F
0-2: Foul Ball, location: 2F
0-2: Foul Ball, location: 2F
0-2: Ball
1-2: Ball
2-2: Foul Ball, location: 2F
2-2: Foul Ball, location: 2F
2-2: Fly out, F8 (Line Drive, 8LD, EV 86.9 MPH)
Batting: LHB Jim Gantner 0-0: Ball
1-0: Called Strike
1-1: Ground out 4-3 (Groundball, 4M, EV 100.0 MPH)
Batting: RHB Sixto Lezcano 0-0: SINGLE (Flyball, 34D, EV 86.3 MPH)
Batting: LHB Pat Putnam 0-0: Called Strike
0-1: Ball
Sixto Lezcano steals 2nd base
1-1: Fly out, F7 (Flyball, 78M, EV 93.8 MPH)
Top of the 1st over - 0 runs, 1 hit, 0 errors, 1 left on base; St. Louis 0 - Chicago 0
BOTTOM OF THE 1ST
Chicago Cubs batting - Pitching for St. Louis Cardinals : LHP Willie Hernandez
Pitching: LHP Willie Hernandez
Batting: RHB Gary Ward 0-0: Ball
1-0: Fly out, F9 (Line Drive, 9S, EV 106.3 MPH)
Batting: LHB Johnny Grubb 0-0: Hit by Pitch
Batting: RHB Lonnie Smith 0-0: Ball
1-0: Called Strike
1-1: Ball
2-1: Foul Ball, location: 2F
2-2: Ball
3-2: SINGLE (Line Drive, 34D, EV 101.9 MPH)
Johnny Grubb to second
Batting: RHB Jim Rice 0-0: Foul Ball, location: 2F
0-1: Swinging Strike
0-2: Fly out, F9 (Flyball, 9, EV 93.1 MPH)
Batting: SHB Roy Smalley 0-0: Ball
1-0: Called Strike
1-1: Foul Ball, location: 2F
1-2: Ball
2-2: Ground out 1-3 (Groundball, 13S, EV 69.4 MPH)
Bottom of the 1st over - 0 runs, 1 hit, 0 errors, 2 left on base; St. Louis 0 - Chicago 0
TOP OF THE 2ND
St. Louis Cardinals batting - Pitching for Chicago Cubs : RHP Ray Burris
Batting: RHB Bob Watson 0-0: Ball
1-0: Swinging Strike
1-1: Fly out, F9 (Flyball, 89S, EV 88.1 MPH)
Batting: RHB Joe Torre 0-0: Fly out, F8 (Flyball, 8RXD, EV 92.5 MPH)
Batting: LHB Mike Davis 0-0: Ball
1-0: Ball
2-0: Called Strike
2-1: Ground out 6-3 (Groundball, 56, EV 109.4 MPH)
Top of the 2nd over - 0 runs, 0 hits, 0 errors, 0 left on base; St. Louis 0 - Chicago 0
BOTTOM OF THE 2ND
Chicago Cubs batting - Pitching for St. Louis Cardinals : LHP Willie Hernandez
Batting: RHB Randy Ready 0-0: Ball
1-0: Called Strike
1-1: Fly out, F3 (Line Drive, 3, EV 70.6 MPH)
Batting: LHB Gerald Perry 0-0: Ball
1-0: DOUBLE (Flyball, 89D, EV 111.9 MPH)
Batting: RHB Bob Brenly 0-0: Ground out 6-3 (Groundball, 6, EV 90.0 MPH)
Gerald Perry to third
Batting: RHB Ray Burris 0-0: Ground out 6-3 (Groundball, 56, EV 90.6 MPH)
Bottom of the 2nd over - 0 runs, 1 hit, 0 errors, 1 left on base; St. Louis 0 - Chicago 0
TOP OF THE 3RD
St. Louis Cardinals batting - Pitching for Chicago Cubs : RHP Ray Burris
Batting: SHB Billy E Smith 0-0: Called Strike
0-1: Ground out 6-3 (Groundball, 6S, EV 90.0 MPH)
Batting: LHB Willie Hernandez 0-0: Called Strike
0-1: Ball
1-1: Swinging Strike
1-2: Ball
2-2: Strikes out swinging
Batting: SHB Otis Nixon 0-0: Fly out, F7 (Flyball, 7S, EV 96.9 MPH)
Top of the 3rd over - 0 runs, 0 hits, 0 errors, 0 left on base; St. Louis 0 - Chicago 0
BOTTOM OF THE 3RD
Chicago Cubs batting - Pitching for St. Louis Cardinals : LHP Willie Hernandez
Batting: RHB Gary Ward 0-0: DOUBLE (Line Drive, 9LS, EV 97.5 MPH)
Batting: LHB Johnny Grubb 0-0: Ball
1-0: Ball
2-0: Foul Ball, location: 2F
2-1: Foul Ball, location: 2F
2-2: Ball
3-2: SINGLE (Line Drive, 78S, EV 103.1 MPH)
Gary Ward to third
Runner from 3rd tries for Home, SAFE, throw by LF to home
Batting: RHB Lonnie Smith 0-0: Foul Ball, location: 2F
0-1: SINGLE (Line Drive, 9S, EV 93.1 MPH)
Johnny Grubb to second
Runner from 2nd tries for 3rd, OUT! 9-5
Batting: RHB Jim Rice 0-0: Ball
Lonnie Smith steals 2nd base
1-0: Ball
2-0: Ball
3-0: Fly out, F8 (Flyball, 78S, EV 92.5 MPH)
Batting: SHB Roy Smalley 0-0: Ball
1-0: Ball
2-0: Foul Ball, location: 2F
2-1: Foul Ball, location: 2F
2-2: Ground out 1-3 (Groundball, 15S, EV 68.8 MPH)
Bottom of the 3rd over - 1 run, 3 hits, 0 errors, 1 left on base; St. Louis 0 - Chicago 1
TOP OF THE 4TH
St. Louis Cardinals batting - Pitching for Chicago Cubs : RHP Ray Burris
Batting: LHB Jim Gantner 0-0: Swinging Strike
0-1: Foul Ball, location: 2F
0-2: Ball
1-2: Ball
2-2: Foul Ball, location: 2F
2-2: Ground out U3 (Groundball, 3, EV 95.6 MPH)
Batting: RHB Sixto Lezcano 0-0: Called Strike
0-1: Foul Ball, location: 2F
0-2: Ground out 4-3 (Groundball, 4, EV 98.8 MPH)
Batting: LHB Pat Putnam 0-0: DOUBLE (Line Drive, 78D, EV 105.6 MPH)
Batting: RHB Bob Watson 0-0: Called Strike
0-1: Foul Ball, location: 2F
0-2: Ball
1-2: SINGLE (Groundball, 6D, EV 106.9 MPH)
Pat Putnam to third
Runner from 3rd tries for Home, SAFE, throw by CF to home
Bob Watson to second
Batting: RHB Joe Torre 0-0: Ball
1-0: Called Strike
1-1: Ball
2-1: Fly out, F9 (Flyball, 9D, EV 102.5 MPH)
Top of the 4th over - 1 run, 2 hits, 0 errors, 1 left on base; St. Louis 1 - Chicago 1
BOTTOM OF THE 4TH
Chicago Cubs batting - Pitching for St. Louis Cardinals : LHP Willie Hernandez
Batting: RHB Randy Ready 0-0: Called Strike
0-1: Ball
1-1: Ball
2-1: Swinging Strike
2-2: Foul Ball, location: 2F
2-2: Foul Ball, location: 2F
2-2: Foul Ball, location: 2F
2-2: Fly out, F7 (Flyball, 7, EV 95.0 MPH)
Batting: LHB Gerald Perry 0-0: Fly out, F6 (Popup, 6MD, EV 51.9 MPH)
Batting: RHB Bob Brenly 0-0: Swinging Strike
0-1: Foul Ball, location: 2F
0-2: Ball
1-2: Ball
2-2: Strikes out swinging
Bottom of the 4th over - 0 runs, 0 hits, 0 errors, 0 left on base; St. Louis 1 - Chicago 1
TOP OF THE 5TH
St. Louis Cardinals batting - Pitching for Chicago Cubs : RHP Ray Burris
Batting: LHB Mike Davis 0-0: Swinging Strike
0-1: Ball
1-1: Called Strike
1-2: Foul Ball, location: 2F
1-2: Ground out 4-3 (Groundball, 4, EV 93.8 MPH)
Batting: SHB Billy E Smith 0-0: Ball
1-0: Ball
2-0: Ball
3-0: Called Strike
3-1: Foul Ball, location: 2F
3-2: Base on Balls
Batting: LHB Willie Hernandez 0-0: Ball
1-0: Ball
2-0: Sac Bunt to 13 - play at first, batter OUT! 1-4
Billy E Smith to second
Batting: SHB Otis Nixon 0-0: Called Strike
0-1: Called Strike
0-2: Ball
1-2: Foul Ball, location: 2F
1-2: Foul Ball, location: 2F
1-2: Strikes out looking
Top of the 5th over - 0 runs, 0 hits, 0 errors, 1 left on base; St. Louis 1 - Chicago 1
BOTTOM OF THE 5TH
Chicago Cubs batting - Pitching for St. Louis Cardinals : LHP Willie Hernandez
Batting: RHB Ray Burris 0-0: Foul Ball, location: 2F
0-1: Ball
1-1: Called Strike
1-2: Foul Ball, location: 2F
1-2: Strikes out looking
Batting: RHB Gary Ward 0-0: Swinging Strike
0-1: Ground out 5-3 (Groundball, 56S, EV 85.0 MPH)
Batting: LHB Johnny Grubb 0-0: Ball
1-0: Called Strike
1-1: Foul Ball, location: 2F
1-2: Ground out 5-3 (Groundball, 56, EV 101.9 MPH)
Bottom of the 5th over - 0 runs, 0 hits, 0 errors, 0 left on base; St. Louis 1 - Chicago 1
TOP OF THE 6TH
St. Louis Cardinals batting - Pitching for Chicago Cubs : RHP Ray Burris
Batting: LHB Jim Gantner 0-0: Ball
1-0: Called Strike
1-1: Ball
2-1: Foul Ball, location: 2F
2-2: Ground out 4-3 (Groundball, 4MS, EV 73.1 MPH)
Batting: RHB Sixto Lezcano 0-0: Ball
1-0: Swinging Strike
1-1: Called Strike
1-2: Ball
2-2: Strikes out swinging
Batting: LHB Pat Putnam 0-0: Fly out, F7 (Flyball, 7, EV 83.1 MPH)
Top of the 6th over - 0 runs, 0 hits, 0 errors, 0 left on base; St. Louis 1 - Chicago 1
BOTTOM OF THE 6TH
Chicago Cubs batting - Pitching for St. Louis Cardinals : LHP Willie Hernandez
Batting: RHB Lonnie Smith 0-0: Ball
1-0: Called Strike
1-1: Swinging Strike
1-2: Strikes out swinging
Batting: RHB Jim Rice 0-0: Swinging Strike
0-1: Foul Ball, location: 2F
0-2: Ball
1-2: Strikes out looking
Batting: SHB Roy Smalley 0-0: Swinging Strike
0-1: Ball
1-1: Ball
2-1: Ball
3-1: Called Strike
3-2: Ground out 5-3 (Groundball, 56S, EV 91.3 MPH)
Bottom of the 6th over - 0 runs, 0 hits, 0 errors, 0 left on base; St. Louis 1 - Chicago 1
TOP OF THE 7TH
St. Louis Cardinals batting - Pitching for Chicago Cubs : RHP Ray Burris
Batting: RHB Bob Watson 0-0: Ball
1-0: Ball
2-0: Ball
3-0: Base on Balls
Batting: RHB Joe Torre 0-0: Ball
1-0: SINGLE (Groundball, 6MD, EV 106.3 MPH)
Bob Watson to second
Runner from 2nd tries for 3rd, SAFE, throw by CF made to third
Batting: LHB Mike Davis 0-0: Ball
1-0: Called Strike
1-1: Ball
2-1: Fly out, F8 (Flyball, 8LS, EV 95.0 MPH)
Batting: SHB Billy E Smith 0-0: Called Strike
0-1: Ball
1-1: Ball
2-1: Called Strike
2-2: Ball
3-2: Base on Balls
Joe Torre to second
Batting: LHB Willie Hernandez 0-0: Called Strike
0-1: Swinging Strike
0-2: Ball
1-2: Foul Ball, location: 2F
1-2: Strikes out swinging
Batting: SHB Otis Nixon 0-0: Foul Ball, location: 2F
0-1: Ball
1-1: Called Strike
1-2: Foul Ball, location: 2F
1-2: Ball
2-2: Ground out 4-3 (Groundball, 4, EV 100.6 MPH)
Top of the 7th over - 0 runs, 1 hit, 0 errors, 3 left on base; St. Louis 1 - Chicago 1
BOTTOM OF THE 7TH
Chicago Cubs batting - Pitching for St. Louis Cardinals : LHP Willie Hernandez
Batting: RHB Randy Ready 0-0: Ground out 6-3 (Groundball, 6M, EV 79.4 MPH)
Batting: LHB Gerald Perry 0-0: Called Strike
0-1: Ball
1-1: Foul Ball, location: 2F
1-2: Ball
2-2: TRIPLE (Line Drive, 89XD, EV 103.1 MPH)
Pinch Runner at 3rd Dave Bergman:
Batting: RHB Bob Brenly 0-0: Called Strike
0-1: Ball
1-1: Swinging Strike
1-2: Strikes out swinging
Pinch Hitting: RHB Fran Mullins 0-0: Ground out 6-3 (Groundball, 6, EV 84.4 MPH)
Bottom of the 7th over - 0 runs, 1 hit, 0 errors, 1 left on base; St. Louis 1 - Chicago 1
TOP OF THE 8TH
St. Louis Cardinals batting - Pitching for Chicago Cubs : RHP Ray Burris
Pitching: LHP Abelino Pena
Now at 1B: Dave Bergman
Batting: LHB Jim Gantner 0-0: Ball
1-0: Ball
2-0: Called Strike
2-1: Foul Ball, location: 2F
2-2: Ball
3-2: Ground out 4-3 (Groundball, 4, EV 84.4 MPH)
Pitching: RHP Tom Niedenfuer
Batting: RHB Sixto Lezcano 0-0: Ball
1-0: SINGLE (Groundball, 25, EV 66.9 MPH) (infield hit)
Batting: LHB Pat Putnam 0-0: Ball
Sixto Lezcano steals 2nd base
1-0: Ball
2-0: Called Strike
2-1: Fly out, F8 (Flyball, 8LS, EV 95.6 MPH)
Batting: RHB Bob Watson 0-0: Ball
1-0: Ball
2-0: SINGLE (Groundball, 13S, EV 70.6 MPH) (infield hit)
Sixto Lezcano to third
Batting: RHB Joe Torre 0-0: Called Strike
0-1: Called Strike
0-2: Foul Ball, location: 2F
0-2: Ground out 5-3 (Groundball, 56, EV 104.4 MPH)
Top of the 8th over - 0 runs, 2 hits, 0 errors, 2 left on base; St. Louis 1 - Chicago 1
BOTTOM OF THE 8TH
Chicago Cubs batting - Pitching for St. Louis Cardinals : LHP Willie Hernandez
Batting: RHB Gary Ward 0-0: Ball
1-0: Ball
2-0: Called Strike
2-1: Called Strike
2-2: Ball
3-2: Ground out 6-3 (Groundball, 6, EV 81.3 MPH)
Batting: LHB Johnny Grubb 0-0: Ball
1-0: Ball
2-0: Called Strike
2-1: Ball
3-1: Fly out, F8 (Flyball, 8RXD, EV 104.4 MPH)
Batting: RHB Lonnie Smith 0-0: Ground out 5-3 (Groundball, 56, EV 90.0 MPH)
Bottom of the 8th over - 0 runs, 0 hits, 0 errors, 0 left on base; St. Louis 1 - Chicago 1
TOP OF THE 9TH
St. Louis Cardinals batting - Pitching for Chicago Cubs : RHP Tom Niedenfuer
Batting: LHB Mike Davis 0-0: Ball
1-0: Foul Ball, location: 2F
1-1: Foul Ball, location: 2F
1-2: SINGLE (Flyball, 3D, EV 91.3 MPH)
Batting: SHB Billy E Smith 0-0: Ball
1-0: Called Strike
1-1: Ball
2-1: Swinging Strike
2-2: Ground out 5-3 (Groundball, 5S, EV 72.5 MPH)
Mike Davis to second
Pinch Hitting: LHB Mark Hildebrand 0-0: Called Strike
0-1: Swinging Strike
0-2: Ball
1-2: Ball
2-2: Foul Ball, location: 2F
2-2: Ball
3-2: Base on Balls
Batting: SHB Otis Nixon 0-0: Ball
1-0: Called Strike
1-1: Fly out, F9 (Line Drive, 9, EV 96.9 MPH)
Runner from 2nd tags up, SAFE at 3rd with throw by RF
Batting: LHB Jim Gantner 0-0: Ball
1-0: SINGLE (Groundball, 25, EV 68.8 MPH) (infield hit)
Mike Davis scores
Mark Hildebrand to second
Pinch Runner at 2nd Mookie Wilson:
Batting: RHB Sixto Lezcano 0-0: Called Strike
0-1: Called Strike
0-2: Strikes out swinging
Top of the 9th over - 1 run, 2 hits, 0 errors, 2 left on base; St. Louis 2 - Chicago 1
BOTTOM OF THE 9TH
Chicago Cubs batting - Pitching for St. Louis Cardinals : LHP Willie Hernandez
Pitching: RHP Larry Andersen
Now at 2B: Steve Lubratich
Now in LF: Mookie Wilson
Batting: RHB Jim Rice 0-0: Foul Ball, location: 2F
0-1: Ball
1-1: Fly out, F3 (Popup, 23F, EV 83.1 MPH)
Batting: SHB Roy Smalley 0-0: Called Strike
0-1: Ball
1-1: Ball
2-1: SINGLE (Line Drive, 9S, EV 91.9 MPH)
Batting: RHB Randy Ready 0-0: Ball
1-0: Fly out, F8 (Flyball, 8RS, EV 100.0 MPH)
Batting: LHB Dave Bergman 0-0: Called Strike
0-1: Ball
1-1: Ball
2-1: Ball
3-1: Base on Balls
Roy Smalley to second
Batting: RHB Bob Brenly 0-0: Called Strike
0-1: Ball
1-1: Fly out, F8 (Flyball, 89D, EV 93.1 MPH)
Bottom of the 9th over - 0 runs, 1 hit, 0 errors, 2 left on base; St. Louis 2 - Chicago 1
Monday, August 10th, 2020 - OOTP Baseball 21.5 Build 76